TOP OF THE 1ST |
New Orleans Zephyrs batting - Pitching for El Paso Chihuahuas : LHP Yuri Thra
|
Pitching: LHP Yuri Thra
|
|
Batting: RHB Jerry Delgado
|
0-0: Ball 1-0: Fly out, F6 (Line Drive, 6, EV 75.0 MPH)
|
Batting: RHB Omar Contreras
|
0-0: Foul Ball, location: 2F 0-1: Fly out, F7 (Flyball, 78XD, EV 99.4 MPH)
|
Batting: RHB Gebre-Giorgios Tikolo
|
0-0: Called Strike 0-1: Ground out 3-1 (Groundball, 34, EV 85.6 MPH)
|
Top of the 1st over - 0 runs, 0 hits, 0 errors, 0 left on base; New Orleans 0 - El Paso 0 |
BOTTOM OF THE 1ST |
El Paso Chihuahuas batting - Pitching for New Orleans Zephyrs : RHP Ray Duncan
|
Pitching: RHP Ray Duncan
|
|
Batting: SHB Steve Killion
|
0-0: Reached on error, E5 (Groundball, 56, EV 98.1 MPH)
|
Batting: RHB Rudolf Gommers
|
0-0: Called Strike Steve Killion is caught stealing 2nd base 2-4 0-1: Swinging Strike 0-2: SINGLE (Groundball, 34D, EV 105.6 MPH)
|
Batting: RHB Matthew Starr
|
0-0: Ball 1-0: Ball 2-0: Ball 3-0: Called Strike 3-1: Base on Balls Rudolf Gommers to second
|
Batting: RHB Jose Morrissey
|
0-0: Ball 1-0: Called Strike 1-1: Ball 2-1: Grounds into double play, 6-4-3 (Groundball, 56, EV 81.9 MPH)
|
Bottom of the 1st over - 0 runs, 1 hit, 1 error, 1 left on base; New Orleans 0 - El Paso 0 |
TOP OF THE 2ND |
New Orleans Zephyrs batting - Pitching for El Paso Chihuahuas : LHP Yuri Thra
|
Batting: RHB Chris Lee
|
0-0: Ball 1-0: Called Strike 1-1: Ball 2-1: Ground out 6-3 (Groundball, 6, EV 102.5 MPH)
|
Batting: SHB Ramon Martinez
|
0-0: Ground out 5-3 (Groundball, 56S, EV 69.4 MPH)
|
Batting: RHB Humberto Oros
|
0-0: SINGLE (Groundball, 6MD, EV 97.5 MPH)
|
Batting: RHB Kyle Ashton
|
0-0: Called Strike 0-1: Ball 1-1: Ball 2-1: Called Strike 2-2: Ball 3-2: Base on Balls Humberto Oros to second
|
Batting: RHB John Jackson
|
0-0: Ball 1-0: Fielders Choice at 2nd, 6-4 (Groundball, 6, EV 105.6 MPH)
|
Top of the 2nd over - 0 runs, 1 hit, 0 errors, 2 left on base; New Orleans 0 - El Paso 0 |
BOTTOM OF THE 2ND |
El Paso Chihuahuas batting - Pitching for New Orleans Zephyrs : RHP Ray Duncan
|
Batting: SHB Gregg Whitecotton
|
0-0: Called Strike 0-1: Ball 1-1: Foul Ball, location: 2F 1-2: Ball 2-2: Ball 3-2: Foul Ball, location: 2F 3-2: Ground out U3 (Groundball, 34, EV 83.8 MPH)
|
Batting: RHB Itsuo Yoshioka
|
0-0: Ball 1-0: Ball 2-0: Ball 3-0: Base on Balls
|
Batting: SHB Devin Hottenstein
|
0-0: Called Strike 0-1: Ball 1-1: Called Strike 1-2: Fly out, F7 (Flyball, 7LS, EV 73.1 MPH)
|
Batting: LHB Luis Cruz
|
0-0: Ball 1-0: Ball 2-0: Foul Ball, location: 2F 2-1: Ball 3-1: SINGLE (Groundball, 4M, EV 107.5 MPH) (infield hit) Itsuo Yoshioka to second
|
Batting: LHB Helmut Steggall
|
0-0: Ball 1-0: Ball 2-0: Foul Ball, location: 2F 2-1: Ground out 4-3 (Groundball, 4, EV 102.5 MPH)
|
Bottom of the 2nd over - 0 runs, 1 hit, 0 errors, 2 left on base; New Orleans 0 - El Paso 0 |
TOP OF THE 3RD |
New Orleans Zephyrs batting - Pitching for El Paso Chihuahuas : LHP Yuri Thra
|
Batting: LHB Gustavo Patella
|
0-0: Ball 1-0: Called Strike 1-1: Foul Ball, location: 2F 1-2: Foul Ball, location: 2F 1-2: Strikes out swinging
|
Batting: RHB Jerry Delgado
|
0-0: Ground out 1-3 (Groundball, P, EV 67.5 MPH)
|
Batting: RHB Omar Contreras
|
0-0: Called Strike 0-1: Foul Ball, location: 2F 0-2: Foul Ball, location: 2F 0-2: DOUBLE (Flyball, 78D, EV 103.1 MPH)
|
Batting: RHB Gebre-Giorgios Tikolo
|
0-0: Called Strike 0-1: Ball 1-1: 2-RUN HOME RUN (Flyball, 7LD, EV 94.4 MPH), Distance : 369 ft
|
Batting: RHB Chris Lee
|
0-0: Ground out 1-3 (Groundball, 15S, EV 65.0 MPH)
|
Top of the 3rd over - 2 runs, 2 hits, 0 errors, 0 left on base; New Orleans 2 - El Paso 0 |
BOTTOM OF THE 3RD |
El Paso Chihuahuas batting - Pitching for New Orleans Zephyrs : RHP Ray Duncan
|
Batting: SHB Steve Killion
|
0-0: Ball 1-0: Foul Ball, location: 2F 1-1: Swinging Strike 1-2: Ball 2-2: Fly out, F8 (Line Drive, 8LM, EV 96.9 MPH)
|
Batting: RHB Rudolf Gommers
|
0-0: Called Strike 0-1: Foul Ball, location: 2F 0-2: Foul Ball, location: 2F 0-2: Ball 1-2: Ball 2-2: Ball 3-2: Fly out, F7 (Flyball, 78S, EV 96.3 MPH)
|
Batting: RHB Matthew Starr
|
0-0: Ball 1-0: Ball 2-0: Called Strike 2-1: Swinging Strike 2-2: Strikes out swinging
|
Bottom of the 3rd over - 0 runs, 0 hits, 0 errors, 0 left on base; New Orleans 2 - El Paso 0 |
TOP OF THE 4TH |
New Orleans Zephyrs batting - Pitching for El Paso Chihuahuas : LHP Yuri Thra
|
Batting: SHB Ramon Martinez
|
0-0: Ball 1-0: Fly out, F4 (Flyball, 4D, EV 90.0 MPH)
|
Batting: RHB Humberto Oros
|
0-0: Ball 1-0: Called Strike 1-1: Ground out 6-3 (Groundball, 6, EV 100.0 MPH)
|
Batting: RHB Kyle Ashton
|
0-0: Foul Ball, location: 2F 0-1: Ball 1-1: Ball 2-1: Foul Ball, location: 2F 2-2: Ball 3-2: Foul Ball, location: 2F 3-2: Base on Balls
|
Batting: RHB John Jackson
|
0-0: Ball 1-0: Called Strike 1-1: Foul Ball, location: 2F 1-2: Foul Ball, location: 2F 1-2: Ball 2-2: Strikes out swinging
|
Top of the 4th over - 0 runs, 0 hits, 0 errors, 1 left on base; New Orleans 2 - El Paso 0 |
BOTTOM OF THE 4TH |
El Paso Chihuahuas batting - Pitching for New Orleans Zephyrs : RHP Ray Duncan
|
Batting: RHB Jose Morrissey
|
0-0: Ball 1-0: Ground out U3 (Groundball, 3, EV 85.6 MPH)
|
Batting: SHB Gregg Whitecotton
|
0-0: Called Strike 0-1: Ball 1-1: Called Strike 1-2: Ball 2-2: Foul Ball, location: 2F 2-2: Strikes out swinging
|
Batting: RHB Itsuo Yoshioka
|
0-0: Called Strike 0-1: Ball 1-1: Ball 2-1: Foul Ball, location: 2F 2-2: Foul Ball, location: 2F 2-2: Foul Ball, location: 2F 2-2: Ball 3-2: Base on Balls
|
Batting: SHB Devin Hottenstein
|
0-0: Swinging Strike 0-1: Ball Itsuo Yoshioka steals 2nd base 1-1: Ball 2-1: Foul Ball, location: 2F 2-2: Fly out, F9 (Line Drive, 9, EV 91.3 MPH)
|
Bottom of the 4th over - 0 runs, 0 hits, 0 errors, 1 left on base; New Orleans 2 - El Paso 0 |
TOP OF THE 5TH |
New Orleans Zephyrs batting - Pitching for El Paso Chihuahuas : LHP Yuri Thra
|
Batting: LHB Gustavo Patella
|
0-0: Ball 1-0: Called Strike 1-1: Called Strike 1-2: Ball 2-2: Strikes out swinging
|
Batting: RHB Jerry Delgado
|
0-0: Ball 1-0: Swinging Strike 1-1: Ball 2-1: Ground out 6-3 (Groundball, 6, EV 90.6 MPH)
|
Batting: RHB Omar Contreras
|
0-0: Ball 1-0: Swinging Strike 1-1: Ground out 4-3 (Groundball, 4, EV 84.4 MPH)
|
Top of the 5th over - 0 runs, 0 hits, 0 errors, 0 left on base; New Orleans 2 - El Paso 0 |
BOTTOM OF THE 5TH |
El Paso Chihuahuas batting - Pitching for New Orleans Zephyrs : RHP Ray Duncan
|
Batting: LHB Luis Cruz
|
0-0: Ball 1-0: Called Strike 1-1: Ball 2-1: Called Strike 2-2: Ball 3-2: Foul Ball, location: 2F 3-2: Ground out 5-3 (Groundball, 5, EV 83.8 MPH)
|
Batting: LHB Helmut Steggall
|
0-0: Called Strike 0-1: Foul Ball, location: 2F 0-2: Ball 1-2: Ball 2-2: Reached on error, E6 (Popup, 6, EV 70.0 MPH)
|
Batting: SHB Steve Killion
|
0-0: Ball 1-0: Swinging Strike 1-1: Foul Ball, location: 2F 1-2: Strikes out swinging
|
Batting: RHB Rudolf Gommers
|
0-0: Ball 1-0: Swinging Strike 1-1: Ball 2-1: Ball 3-1: Foul Ball, location: 2F 3-2: Ground out 5-3 (Groundball, 56, EV 101.3 MPH)
|
Bottom of the 5th over - 0 runs, 0 hits, 1 error, 1 left on base; New Orleans 2 - El Paso 0 |
TOP OF THE 6TH |
New Orleans Zephyrs batting - Pitching for El Paso Chihuahuas : LHP Yuri Thra
|
Batting: RHB Gebre-Giorgios Tikolo
|
0-0: Ball 1-0: Ball 2-0: Ball 3-0: Base on Balls
|
Batting: RHB Chris Lee
|
0-0: Ball 1-0: Called Strike 1-1: Foul Ball, location: 2F 1-2: Ball 2-2: Ball 3-2: Foul Ball, location: 2F 3-2: SINGLE (Groundball, 6D, EV 96.9 MPH) Gebre-Giorgios Tikolo to second
|
Batting: SHB Ramon Martinez
|
0-0: Foul Ball, location: 2F 0-1: SINGLE (Groundball, 56D, EV 94.4 MPH) Gebre-Giorgios Tikolo to third Chris Lee to second
|
Batting: RHB Humberto Oros
|
0-0: Ball 1-0: Called Strike 1-1: Swinging Strike 1-2: Foul Ball, location: 2F 1-2: Ball 2-2: Grounds into fielders choice 1-2 (Groundball, 15S, EV 74.4 MPH) Chris Lee to third Ramon Martinez to second
|
Batting: RHB Kyle Ashton
|
0-0: Foul Ball, location: 2F 0-1: Called Strike 0-2: Ball 1-2: Foul Ball, location: 2F 1-2: Ball 2-2: Ball 3-2: Foul Ball, location: 2F 3-2: Foul Ball, location: 2F 3-2: Base on Balls Chris Lee scores Ramon Martinez to third Humberto Oros to second
|
Batting: RHB John Jackson
|
0-0: Ball 1-0: Foul Ball, location: 2F 1-1: Ball 2-1: Called Strike 2-2: Strikes out swinging
|
Pitching: RHP Jason Decker
|
|
Batting: LHB Gustavo Patella
|
0-0: Swinging Strike 0-1: Called Strike 0-2: Ball 1-2: SINGLE (Line Drive, 34D, EV 106.3 MPH) Ramon Martinez scores Humberto Oros to third Kyle Ashton to second Runner from 3rd tries for Home, SAFE, throw by RF to home Kyle Ashton to third Gustavo Patella to second
|
Batting: RHB Jerry Delgado
|
0-0: Ball 1-0: Called Strike 1-1: Ball 2-1: Ball 3-1: Foul Ball, location: 2F 3-2: Foul Ball, location: 2F 3-2: Foul Ball, location: 2F 3-2: Foul Ball, location: 2F 3-2: Fly out, F5 (Popup, 5SF, EV 76.3 MPH)
|
Top of the 6th over - 3 runs, 3 hits, 0 errors, 2 left on base; New Orleans 5 - El Paso 0 |
BOTTOM OF THE 6TH |
El Paso Chihuahuas batting - Pitching for New Orleans Zephyrs : RHP Ray Duncan
|
Batting: RHB Matthew Starr
|
0-0: Ball 1-0: Ball 2-0: TRIPLE (Line Drive, 89XD, EV 105.6 MPH)
|
Batting: RHB Jose Morrissey
|
0-0: Foul Ball, location: 2F 0-1: Ball 1-1: Fly out, F7 (Line Drive, 7, EV 87.5 MPH)
|
Pitching: RHP Campbell Wagenmakers
|
|
Batting: SHB Gregg Whitecotton
|
0-0: Foul Ball, location: 2F 0-1: Swinging Strike 0-2: Ball 1-2: Ball 2-2: Fly out, F9 (Line Drive, 9, EV 96.9 MPH) Runner from 3rd tags up, SCORES, throw by RF
|
Batting: RHB Itsuo Yoshioka
|
0-0: Ball 1-0: Called Strike 1-1: Ball 2-1: Ball 3-1: Called Strike 3-2: Foul Ball, location: 2F 3-2: Base on Balls
|
Batting: SHB Devin Hottenstein
|
0-0: SINGLE (Groundball, 34D, EV 103.1 MPH) Itsuo Yoshioka to second Runner from 2nd tries for 3rd, SAFE, throw by RF made to third
|
Batting: LHB Luis Cruz
|
0-0: Ball 1-0: Ground out U3 (Groundball, 34, EV 78.1 MPH)
|
Bottom of the 6th over - 1 run, 2 hits, 0 errors, 2 left on base; New Orleans 5 - El Paso 1 |
TOP OF THE 7TH |
New Orleans Zephyrs batting - Pitching for El Paso Chihuahuas : RHP Jason Decker
|
Batting: RHB Omar Contreras
|
0-0: Ball 1-0: Swinging Strike 1-1: Foul Ball, location: 2F 1-2: Strikes out looking
|
Batting: RHB Gebre-Giorgios Tikolo
|
0-0: Ball 1-0: Ball 2-0: Called Strike 2-1: Called Strike 2-2: Foul Ball, location: 2F 2-2: Strikes out swinging
|
Batting: RHB Chris Lee
|
0-0: Foul Ball, location: 2F 0-1: Ball 1-1: Foul Ball, location: 2F 1-2: Ball 2-2: Strikes out swinging
|
Top of the 7th over - 0 runs, 0 hits, 0 errors, 0 left on base; New Orleans 5 - El Paso 1 |
BOTTOM OF THE 7TH |
El Paso Chihuahuas batting - Pitching for New Orleans Zephyrs : RHP Campbell Wagenmakers
|
Batting: LHB Helmut Steggall
|
0-0: Ground out 4-3 (Groundball, 34, EV 90.6 MPH)
|
Batting: SHB Steve Killion
|
0-0: Ball 1-0: Ball 2-0: Called Strike 2-1: Ground out 5-3 (Groundball, 5L, EV 78.1 MPH)
|
Batting: RHB Rudolf Gommers
|
0-0: Called Strike 0-1: Ball 1-1: SOLO HOME RUN (Flyball, 7LD, EV 95.0 MPH), Distance : 367 ft
|
Batting: RHB Matthew Starr
|
0-0: Ball 1-0: SOLO HOME RUN (Flyball, 9D, EV 96.3 MPH), Distance : 389 ft
|
Batting: RHB Jose Morrissey
|
0-0: Ball 1-0: Foul Ball, location: 2F 1-1: Foul Ball, location: 2F 1-2: Ball 2-2: Ball 3-2: Strikes out looking
|
Bottom of the 7th over - 2 runs, 2 hits, 0 errors, 0 left on base; New Orleans 5 - El Paso 3 |
TOP OF THE 8TH |
New Orleans Zephyrs batting - Pitching for El Paso Chihuahuas : RHP Jason Decker
|
Batting: SHB Ramon Martinez
|
0-0: Ball 1-0: Ball 2-0: Ball 3-0: Base on Balls
|
Batting: RHB Humberto Oros
|
0-0: Ball 1-0: Ball 2-0: Sac Bunt to 23 - play at first, batter OUT! 3-4 Ramon Martinez to second
|
Batting: RHB Kyle Ashton
|
0-0: Ball 1-0: Swinging Strike 1-1: Ball 2-1: Called Strike 2-2: Strikes out looking
|
Batting: RHB John Jackson
|
0-0: Foul Ball, location: 2F 0-1: Ball 1-1: Foul Ball, location: 2F 1-2: Ball 2-2: Strikes out looking
|
Top of the 8th over - 0 runs, 0 hits, 0 errors, 1 left on base; New Orleans 5 - El Paso 3 |
BOTTOM OF THE 8TH |
El Paso Chihuahuas batting - Pitching for New Orleans Zephyrs : RHP Campbell Wagenmakers
|
Now at 1B: Gebre-Giorgios Tikolo
|
|
Now in LF: Jesus Castillo
|
|
Batting: SHB Gregg Whitecotton
|
0-0: Ball 1-0: Ball 2-0: Ball 3-0: Base on Balls
|
Batting: RHB Itsuo Yoshioka
|
0-0: Ball 1-0: Foul Ball, location: 2F 1-1: Ball 2-1: Foul Ball, location: 2F 2-2: Foul Ball, location: 2F 2-2: Grounds into double play, 5-4-3 (Groundball, 56, EV 87.5 MPH)
|
Batting: SHB Devin Hottenstein
|
0-0: Swinging Strike 0-1: Ball 1-1: Called Strike 1-2: Ball 2-2: Ball 3-2: Fly out, F8 (Flyball, 78M, EV 98.1 MPH)
|
Bottom of the 8th over - 0 runs, 0 hits, 0 errors, 0 left on base; New Orleans 5 - El Paso 3 |
TOP OF THE 9TH |
New Orleans Zephyrs batting - Pitching for El Paso Chihuahuas : RHP Jason Decker
|
Pitching: RHP David Tooley
|
|
Batting: LHB Gustavo Patella
|
0-0: Called Strike 0-1: Ball 1-1: Ball 2-1: Foul Ball, location: 2F 2-2: Ball 3-2: Strikes out swinging
|
Batting: RHB Jerry Delgado
|
0-0: DOUBLE (Groundball, 3L, EV 105.6 MPH)
|
Pinch Runner at 2nd Alex Gomez:
|
|
Batting: RHB Jesus Castillo
|
0-0: Called Strike 0-1: Ball 1-1: Ball 2-1: Foul Ball, location: 2F 2-2: Foul Ball, location: 2F 2-2: Foul Ball, location: 2F 2-2: Strikes out swinging
|
Batting: RHB Gebre-Giorgios Tikolo
|
0-0: Called Strike 0-1: Fly out, F9 (Flyball, 9LM, EV 86.3 MPH)
|
Top of the 9th over - 0 runs, 1 hit, 0 errors, 1 left on base; New Orleans 5 - El Paso 3 |
BOTTOM OF THE 9TH |
El Paso Chihuahuas batting - Pitching for New Orleans Zephyrs : RHP Campbell Wagenmakers
|
Pitching: RHP Jason Davis
|
|
Now at 1B: Chris Lee
|
|
Now in CF: Gebre-Giorgios Tikolo
|
|
Now in RF: Adrian Young
|
|
Batting: LHB Luis Cruz
|
0-0: Foul Ball, location: 2F 0-1: Ball 1-1: Ball 2-1: DOUBLE (Line Drive, 7LM, EV 104.4 MPH)
|
Batting: LHB Helmut Steggall
|
0-0: Called Strike 0-1: Ball 1-1: Ball 2-1: Ball 3-1: Foul Ball, location: 2F 3-2: Foul Ball, location: 2F 3-2: Foul Ball, location: 2F 3-2: Strikes out looking
|
Batting: SHB Steve Killion
|
0-0: Ball 1-0: Called Strike 1-1: Swinging Strike 1-2: Ball 2-2: Ball 3-2: Base on Balls
|
Batting: RHB Rudolf Gommers
|
0-0: Called Strike 0-1: Foul Ball, location: 2F 0-2: Ball 1-2: Foul Ball, location: 2F 1-2: Ball 2-2: SINGLE (Groundball, 34D, EV 95.6 MPH) Luis Cruz to third Steve Killion to second
|
Pitching: LHP Yoriyuki Sugai
|
|
Batting: RHB Matthew Starr
|
0-0: Ball 1-0: Called Strike 1-1: Foul Ball, location: 2F 1-2: Ball 2-2: Ball 3-2: Ground out 6-3 (Groundball, 56D, EV 102.5 MPH) Luis Cruz scores Steve Killion to third Rudolf Gommers to second
|
Batting: RHB Jose Morrissey
|
0-0: Foul Ball, location: 2F 0-1: Fly out, F7 (Flyball, 7, EV 86.3 MPH)
|
Bottom of the 9th over - 1 run, 2 hits, 0 errors, 2 left on base; New Orleans 5 - El Paso 4 |
|